 Dungeon Crawl Stone Soup version 0.18.1-48-g4cf74bf (webtiles) character file.

79 MistressOfTheDunes the Insei (level 4, 0/35 HPs)
             Began as a Mummy Monk on July 19, 2016.
             Slain by a giant frog zombie (1 damage)
             ... on level 6 of the Dungeon.
             The game lasted 00:03:01 (3364 turns).

MistressOfTheDunes the Insei (Mummy Monk)           Turns: 3364, Time: 00:03:01

Health: 0/35       AC:  1    Str: 14    XL:     4   Next: 17%
Magic:  4/4        EV: 13    Int:  9    God:
Gold:   156        SH:  0    Dex: 15    Spells: 0 memorised, 3 levels left

rFire  x . .     SeeInvis .       - Unarmed
rCold  + . .     Gourm    .     (no armour)
rNeg   + + +     Faith    .     (no shield)
rPois  ∞         Spirit   .     f - +0 helmet
rElec  .         Dismiss  .     (no cloak)
rCorr  .         Reflect  .     (no gloves)
SustAt .         Harm     .     (no boots)
MR     .....                    (no amulet)
Stlth  ++........               (no ring)
                                (no ring)

@: not resistant to hostile enchantments, unstealthy
A: no food or potions, fire vulnerability, cold resistance 1, negative energy
resistance 3, torment resistance, unbreathing
a: no special abilities


You were on level 6 of the Dungeon.
You were not hungry.

You visited 1 branch of the dungeon, and saw 4 of its levels.

You collected 156 gold pieces.


Innate Abilities, Weirdness & Mutations

You do not eat or drink.
Your flesh is vulnerable to fire.
You are immune to poison.
Your flesh is cold resistant.
You are immune to negative energy.
You are immune to unholy pain and torment.
You can survive without breathing.


   Skills:
 - Level 3.0 Fighting
 - Level 2.4 Dodging
 - Level 1.5 Stealth
 + Level 4.7 Unarmed Combat


You had 3 spell levels left.
You didn't know any spells.

Inventory:

Missiles
 c - 2 large rocks (quivered) {=f}
Armour
 f - a +0 helmet (worn)
Scrolls
 a - 3 scrolls of remove curse {unknown}
 b - a scroll of fog {unknown}
 d - 2 scrolls of identify {unknown}
 e - a scroll of teleportation {unknown}
 g - a scroll of enchant weapon {unknown}
 h - 2 scrolls of immolation {unknown}
 i - a scroll of random uselessness {unknown}
 j - a scroll of noise {unknown}

Dungeon Overview and Level Annotations

Branches:
Dungeon (3/15)

Altars:
Dithmenos
Pakellas
Sif Muna

▒.▒ ▒..▒▒▒▒▒▒.
▒.▒▒▒▒...£.....
▒......._....▒.
▒.▒▒▒▒.▒▒▒▒▒.▒.
▒....▒.▒▒▒▒▒...
▒▒.▒▒.▒...o.....
▒▒o..▒
▒▒▒▒▒.▒▒▒.
▒▒Z▒.▒..▒ ▒.▒ ▒.
▒M▒▒.▒▒.▒ ▒o▒▒▒o
▒.▒▒▒.▒ ..▒
▒.▒▒.. ... ..▒
.▒▒▒▒.▒▒.▒ ▒.▒▒.
▒▒▒ ▒▒......▒ ▒.
▒▒ ▒......(▒ ..
▒..._...▒ .
▒........▒
▒.▒.../..▒
........▒▒▒


You could see an orc and a giant frog zombie.


Message History

Found an oddly glowing altar of Pakellas!
Found a deep blue altar of Sif Muna!
The orc closely misses you!
A giant frog zombie comes into view!
The giant frog zombie closely misses you!
The giant frog zombie hits you!!! The giant frog zombie hits you!
You squash the giant frog zombie but do no damage!
The giant frog zombie barely misses you!
You pound the giant frog zombie into fine dust!!!
The giant frog zombie hits you!!! * * * don't die
* * * The giant frog zombie hits you! * * * don't die
* * * You pulverise the giant frog zombie!
The giant frog zombie hits you! * * * don't die
* * * You pound the giant frog zombie into fine dust!
The giant frog zombie hits you! * * * don't die
* * * You closely miss the giant frog zombie!
The giant frog zombie misses you!
You pulverise the giant frog zombie!
The giant frog zombie hits you! * * * don't die
* * * You squash the giant frog zombie but do no damage!
The giant frog zombie closely misses you!
You pound the giant frog zombie into fine dust!
The giant frog zombie barely misses you!
You pummel the giant frog zombie like a punching bag!
The giant frog zombie misses you! x2
You pulverise the giant frog zombie!
The giant frog zombie hits you! rip

Action                   |  1- 3 |  4- 6 || total
-------------------------+-------+-------++-------
Melee: Unarmed           |   184 |    24 ||   208
       Punch             |     5 |       ||     5
 Stab: Sleeping          |     5 |       ||     5
Armor: Skin              |     9 |     1 ||    10
Dodge: Dodged            |   103 |    14 ||   117

Vault maps used:
D:1:      minmay_arrival_loop
D:2:      first_bread
D:6:      old_standard_altar, overflow_temple_1_default, basic_altar

Notes
Turn   | Place    | Note
--------------------------------------------------------------
     0 | D:1      | MistressOfTheDunes the Mummy Monk began the quest for the Orb.
     0 | D:1      | Reached XP level 1. HP: 18/18 MP: 1/1
   128 | D:1      | HP: 1/18 [jackal (1)]
   437 | D:1      | Reached XP level 2. HP: 11/24 MP: 2/2
   864 | D:1      | HP: 2/24 [kobold (3)]
  1236 | D:1      | Reached skill level 4 in Unarmed Combat
  1529 | D:2      | Reached XP level 3. HP: 17/29 MP: 3/3
  2849 | D:3      | Reached XP level 4. HP: 14/35 MP: 4/4
  3259 | D:3      | You fall through a shaft for 3 floors!
  3279 | D:6      | Found a shadowy altar of Dithmenos.
  3310 | D:6      | Found an oddly glowing altar of Pakellas.
  3324 | D:6      | Found a deep blue altar of Sif Muna.
  3358 | D:6      | HP: 2/35 [giant frog zombie (6)]
  3364 | D:6      | Slain by a giant frog zombie

Vanquished Creatures
  An adder (D:2)
  2 worms (D:3)
  A dart slug (D:3)
  2 giant geckos
  5 orcs (D:3)
  A ball python (D:1)
  3 giant cockroaches
  5 goblins
  4 hobgoblins
  4 jackals (D:1)
  4 kobolds
  11 bats
  2 giant newts
  8 rats
53 creatures vanquished.
